 Dungeon Crawl Stone Soup version bcrawl-1.21.3-2-g9d8a61a446 (webtiles) character file.

Game seed: 11256418761899895808

28938 funkygono the Eclecticist (level 13, 0/74 HPs)
             Began as a Fairy Conjurer on Apr 19, 2020.
             Was a High Priest of Vehumet.
             Killed from afar by an oklob plant (10 damage)
             ... with a splash of acid
             ... on level 5 of the Lair of Beasts.
             The game lasted 00:42:30 (15175 turns).

funkygono the Eclecticist (Fairy Conjurer)         Turns: 15175, Time: 00:42:30

Health: 0/74       AC:  4    Str: 10    XL:     13   Next: 42%
Magic:  28/34      EV: 20    Int: 23    God:    Vehumet [*****.]
Gold:   1003       SH: 16    Dex: 18    Spells: 14/43 levels left

rFire    . . .     SeeInvis .   c - +3 short sword
rCold    . . .     Gourm    .   J - +0 medium shield
rNeg     . . .     Faith    .   (armour unavailable)
rPois    .         Spirit   .   (no helmet)
rElec    +         Reflect  .   (no cloak)
rCorr    .         Harm     .   s - +1 pair of gloves of the Abyss {rElec Str+4}
MR       +....     Rnd*Tele +   m - +2 pair of boots {Fly}
Stlth    +.........             x - amulet of magic regeneration
HPRegen  0.22/turn              N - +4 ring of dexterity
MPRegen  0.49/turn              H - ring of teleportation

@: corroded, flying evasively
A: small, magic attunement, unstealthy, unfitting armour, able to fly, AC/SH +7
a: Stop Flying, Renounce Religion


You were on level 5 of the Lair of Beasts.
You worshipped Vehumet.
Vehumet was extremely pleased with you.
You were very hungry.

You visited 3 branches of the dungeon, and saw 15 of its levels.

You collected 1259 gold pieces.
You spent 256 gold pieces at shops.

Inventory:

Hand Weapons
 c - a +3 short sword (weapon)
 G - the +7 captain's cutlass {speed, disarm}
   (You found it on level 2 of the Lair of Beasts)

   Attacks with this weapon are significantly faster.
Missiles
 a - 2675 stones (quivered)
 L - 2 throwing nets {!f}
Armour
 m - a +2 pair of boots of flying (worn)
 s - the +1 pair of gloves of the Abyss (worn) {rElec Str+4}
   (You bought it in a shop on level 6 of the Dungeon)

   It affects your strength (+4).
   It insulates you from electricity.
 w - a +0 pair of gloves of dexterity
 J - a +0 medium shield (worn)
Jewellery
 i - an uncursed ring of magical power
 k - an uncursed ring of ice
 l - an uncursed ring of protection from fire
 n - a +2 ring of strength
 t - an uncursed ring of magical power
 x - an amulet of magic regeneration (around neck)
 F - an uncursed ring of see invisible
 H - a ring of teleportation (right hand)
 I - a +5 ring of dexterity
 N - a +4 ring of dexterity (left hand)
Wands
 y - a wand of iceblast (5)
 A - a wand of acid (14)
 P - a wand of enslavement (9)
Scrolls
 f - a scroll of fear
 g - 10 scrolls of remove curse
 h - 12 scrolls of teleportation
 q - 3 scrolls of fog
 B - 2 scrolls of blinking
 C - a scroll of amnesia
 K - 2 scrolls of immolation
Potions
 b - 2 potions of magic
 d - 4 potions of curing
 j - 3 potions of agility
 o - 2 potions of resistance
 p - 6 potions of heal wounds
 r - a potion of might
 u - 2 potions of lignification
 v - a potion of brilliance
 D - 3 potions of mutation
 E - a potion of flight
 M - a potion of berserk rage
Comestibles
 e - 23 rations {!d}


   Skills:
 + Level 1.6 Fighting
 + Level 2.4 Short Blades
 + Level 7.9 Dodging
 - Level 1.5 Stealth
 + Level 2.9 Shields
 + Level 15.9 Spellcasting
 + Level 15.3 Conjurations
 + Level 2.3 Hexes
 + Level 4.1 Fire Magic
 + Level 8.6 Ice Magic
 + Level 5.0 Earth Magic
 + Level 1.6 Poison Magic


You had 14 spell levels left.
You knew the following spells:

 Your Spells              Type           Power        Failure   Level  Hunger
a - Magic Dart            Conj           ####         1%          1    None
b - Searing Ray           Conj           ######..     1%          2    None
c - Iskenderun's Mystic   Conj           ######..     1%          3    None
d - Fulminant Prism       Conj/Hex       ######....   1%          4    None
e - Freeze                Ice            ######       1%          1    None
f - Throw Frost           Conj/Ice       ######       1%          2    None
g - Throw Icicle          Conj/Ice       ######..     1%          4    None
h - Ozocubu's Armour      Chrm/Ice       #####...     9%          3    None
i - Sting                 Conj/Pois      ####         1%          1    None
j - Conjure Flame         Conj/Fire      ######..     1%          3    None
k - Bolt of Magma         Conj/Fire/Erth ######....   4%          5    None

Your spell library contained the following spells:

 Spells                   Type           Power        Failure   Level  Hunger
 Mana Rupture             Conj/Hex       ######....   65%         7    None
 Irradiate                Conj/Tmut      ######....   5%          5    None
 Summon Ice Beast         Ice/Summ       #####...     28%         4    None


Dungeon Overview and Level Annotations

Branches:
Dungeon (9/12)             Temple (1/1) D:4            Lair (5/6) D:9
  Swamp (0/3) Lair:4        Snake (0/3) Lair:4        Slime (0/5) Lair:5
    Orc (0/1) D:8

Altars:
Ashenzari
Cheibriados
Dithmenos
Elyvilon
Fedhas
Gozag
Hepliaklqana
Kikubaaqudgha
Lugonu
Makhleb
Nemelex Xobeh
Okawaru
Qazlal
Ru
Sif Muna
Trog
Uskayaw
Vehumet
Wu Jian
Xom
Yredelemnul
Zin
The Shining One
Jiyva

Shops:
D:6 [

Annotations:
Lair:2 1 runed translucent door, dscm's ghost, journeyman KoFi
Lair:5 exclusion: 2 oklob plants


Innate Abilities, Weirdness & Mutations

Your spells do not cause hunger and MP costs are reduced by 1.
Your bright wings attract enemies. (Stealth-)
You cannot fit into any form of body armour.
Your shimmering scales are hard and can block incoming attacks. (AC +7, SH +7)
You are small and have problems with some larger weapons.
You can fly continuously.


Message History

The splash of acid hits you but does no damage.
The acid corrodes you!
You are splashed with acid!!
Casting: Fulminant Prism (safe; 1% risk of failure)
Confirm with . or Enter, or press ? or * to list all spells.
Aiming: Fulminant Prism (safe; 1% risk of failure)
Press: ? - help, Dir - move target cursor You conjure a prism of explosive energy!
Your fulminant prism crackles loudly.
The oklob plant spits acid at you. The splash of acid hits you!
* * * LOW HITPOINT WARNING * * *
The acid corrodes you!
You are splashed with acid!
* * * LOW HITPOINT WARNING * * *
Your fulminant prism explodes!
The blast of energy engulfs the oklob plant!!
The oklob plant is almost destroyed.
Your fulminant prism crackles loudly.
The oklob plant spits acid at you. The splash of acid hits you!
You die...

..# ##....# ..######
#....#
.###.#.#######...##
.#÷#.#.P.#..##....#
.÷...............#######.
....÷....................
#..÷.....................
.#.#....##.#####..P.#...#
#####....)## #P@....####
#.....## ###.....#
####...P## ........#
##..#P....##. .........
.............. ..........
..................*>.....
...#.###.....#.#..._....#
##.#.# #P.#.## .P.P...
##### ######


You could see 2 oklob plants and a friendly fulminant prism.

Vanquished Creatures
  3 hydras
  Harold (Lair:5)
  Urug (Lair:3)
  An oklob plant (Lair:5)
  4 black mambas
  A torpor snail (Lair:4)
  4 cane toads
  2 komodo dragons
  2 ice devils (Lair:3)
  A hornet (D:9)
  4 trolls
  2 bog bodies (Lair:4)
  14 blink frogs
  15 dream sheep
  A meliai zombie (D:9)
  3 hippogriffs
  Sigmund (D:6)
  4 hogs (D:7)
  Eustachio (D:6)
  A fire elemental (Lair:4)
  2 wyverns
  24 yaks
  A basilisk (Lair:3)
  A human (D:7)
  A hungry ghost (D:6)
  Menkaure (D:6)
  Edmund (D:6)
  12 water moccasins
  10 crocodiles
  7 porcupines
  4 sky beasts
  2 ice beasts
  4 phantoms
  16 wolves
  2 centaurs
  7 ogres
  5 bullfrogs
  A big kobold (D:9)
  3 scorpions
  16 killer bees
  5 wights (D:6)
  2 howler monkeys (D:8)
  2 electric eels (Lair:4)
  3 crimson imps
  A jelly (D:8)
  3 hounds
  A quasit (D:8)
  4 orc wizards
  Jessica (D:3)
  3 iguanas
  4 hell rats (Lair:2)
  10 worker ants
  A hound zombie (D:6)
  A howler monkey skeleton (D:4)
  4 gnolls (D:3)
  9 adders
  2 shadow imps
  2 oozes
  An adder skeleton (D:2)
  4 worms
  A dart slug (D:1)
  6 leopard geckos
  11 orcs
  2 ball pythons
  3 bats
  2 giant cockroaches
  5 goblins
  13 hobgoblins
  14 jackals
  6 quokkas
  3 frilled lizards
  15 kobolds
  A quokka skeleton (D:6)
  3 rats
  A fire vortex (Lair:4)
  3 fulminant prisms (Lair:5)
  A fungus (Lair:5)
  A plant (Lair:5)
340 creatures vanquished.

Vanquished Creatures (others)
  An oklob plant (Lair:5)
  43 fulminant prisms
  6 fungi
  5 plants (Lair:2)
55 creatures vanquished.

Grand Total: 395 creatures vanquished

Notes
Turn   | Place    | Note
-------+----------+-------------------------------------------
     0 | D:1      | funkygono the Fairy Conjurer began the quest for the Orb.
     0 | D:1      | Reached XP level 1. HP: 11/11 MP: 6/6
    52 | D:1      | Reached skill level 5 in Conjurations
    75 | D:1      | Reached XP level 2. HP: 17/17 MP: 7/7
    85 | D:1      | Learned a level 2 spell: Searing Ray
   435 | D:1      | Reached XP level 3. HP: 21/21 MP: 9/9
   440 | D:1      | Learned a level 3 spell: Iskenderun's Mystic Blast
   837 | D:2      | Found a faded altar of an unknown god.
  1292 | D:2      | Found a glowing silver altar of Zin.
  1293 | D:2      | Noticed an angel
  1319 | D:2      | Noticed a phantom
  1329 | D:2      | Killed a phantom
  1329 | D:2      | Reached XP level 4. HP: 25/27 MP: 6/12
  1329 | D:2      | Reached XP level 5. HP: 29/31 MP: 6/13
  1457 | D:2      | Found a hazy altar of Hepliaklqana.
  1649 | D:3      | Noticed Jessica
  1651 | D:3      | Killed Jessica
  1695 | D:3      | Learned a level 4 spell: Fulminant Prism
  1865 | D:3      | Reached XP level 6. HP: 33/36 MP: 8/15
  2056 | D:3      | Reached skill level 5 in Spellcasting
  2065 | D:3      | Found a burning altar of Makhleb.
  3022 | D:4      | Found a radiant altar of Vehumet.
  3046 | D:4      | Found an iron altar of Okawaru.
  3116 | D:4      | Noticed a phantom
  3128 | D:4      | Killed a phantom
  3128 | D:4      | Reached XP level 7. HP: 42/42 MP: 16/18
  3462 | D:4      | Found a staircase to the Ecumenical Temple.
  3488 | Temple   | Entered the Ecumenical Temple
  3651 | D:4      | Found a hide-covered altar of Uskayaw.
  3998 | D:5      | Entered Level 5 of the Dungeon
  4098 | D:5      | Reached skill level 1 in Hexes
  4461 | D:5      | Reached XP level 8. HP: 47/47 MP: 21/21
  4768 | D:5      | Found a shimmering blue altar of Sif Muna.
  4904 | D:5      | Found a sacrificial altar of Ru.
  5490 | D:4      | Became a worshipper of Vehumet
  5759 | D:6      | Reached skill level 5 in Dodging
  5891 | D:6      | Found a sparkling altar of Nemelex Xobeh.
  5918 | D:6      | Found a stormy altar of Qazlal.
  5919 | D:6      | Noticed a water elemental
  5919 | D:6      | Noticed an air elemental
  5928 | D:6      | Found Hereicio's Antique Armour Shoppe.
  5940 | D:6      | Reached XP level 9. HP: 52/52 MP: 24/24
  5963 | D:6      | Bought a pair of faintly humming gloves for 256 gold pieces
  5968 | D:6      | Identified the +1 pair of gloves of the Abyss {rElec Str+4}
                  | (You bought it in a shop on level 6 of the Dungeon)
  6065 | D:6      | Noticed Sigmund
  6069 | D:6      | Noticed Menkaure
  6072 | D:6      | Noticed Eustachio
  6073 | D:6      | Killed Sigmund
  6073 | D:6      | Reached * piety under Vehumet
  6073 | D:6      | Offered knowledge of Freeze by Vehumet.
  6075 | D:6      | Killed Menkaure
  6075 | D:6      | Reached skill level 10 in Spellcasting
  6075 | D:6      | Reached skill level 10 in Conjurations
  6079 | D:6      | Killed Eustachio
  6235 | D:6      | Noticed Edmund
  6241 | D:6      | Killed Edmund
  6244 | D:6      | Learned a level 1 spell: Freeze
  6302 | D:6      | Found a snail-covered altar of Cheibriados.
  6632 | D:7      | Noticed a troll
  6637 | D:7      | Killed a troll
  6793 | D:7      | Reached skill level 1 in Fighting
  6794 | D:7      | Reached XP level 10. HP: 49/58 MP: 26/27
  6948 | D:7      | Learned a level 2 spell: Throw Frost
  6953 | D:7      | Learned a level 4 spell: Throw Icicle
  7246 | D:8      | Learned a level 3 spell: Ozocubu's Armour
  7262 | D:8      | Reached skill level 1 in Ice Magic
  7549 | D:8      | Reached skill level 1 in Short Blades
  7724 | D:8      | Found a staircase to the Orcish Mines.
  7745 | D:8      | Reached ** piety under Vehumet
  7783 | D:8      | Offered knowledge of Sting by Vehumet.
  7786 | D:8      | Learned a level 1 spell: Sting
  8750 | D:9      | Found a staircase to the Lair.
  8770 | D:9      | Reached XP level 11. HP: 46/63 MP: 29/29
  8770 | D:9      | Offered knowledge of Conjure Flame by Vehumet.
  8774 | D:9      | Reached skill level 1 in Poison Magic
  8787 | D:9      | Learned a level 3 spell: Conjure Flame
  8992 | D:9      | Reached *** piety under Vehumet
  9015 | D:9      | Reached skill level 5 in Ice Magic
  9110 | D:9      | Found a shimmering altar of Xom.
  9478 | Lair:1   | Entered Level 1 of the Lair of Beasts
  9500 | Lair:1   | Found a blossoming altar of Fedhas.
  9648 | Lair:1   | Noticed a five-headed hydra
  9653 | Lair:1   | Killed a five-headed hydra
 10717 | Lair:2   | Offered knowledge of Inner Flame by Vehumet.
 10987 | Lair:2   | Found the +7 captain's cutlass {speed, disarm}
 11234 | Lair:2   | Found a runed translucent door.
 11235 | Lair:2   | Identified the cursed +3 spear "Liup" {flame, Stlth+}
 11236 | Lair:2   | Noticed dscm's ghost (journeyman KoFi)
 11237 | Lair:2   | Noticed a spriggan rider
 11645 | Lair:2   | Reached XP level 12. HP: 69/69 MP: 24/32
 11725 | Lair:3   | Noticed Urug
 11732 | Lair:3   | Killed Urug
 11763 | Lair:3   | Reached **** piety under Vehumet
 12232 | Lair:3   | Offered knowledge of Bolt of Magma by Vehumet.
 12239 | Lair:3   | Learned a level 5 spell: Bolt of Magma
 12499 | Lair:3   | Reached skill level 1 in Earth Magic
 12502 | Lair:3   | Reached skill level 1 in Shields
 12505 | Lair:3   | Reached skill level 15 in Spellcasting
 12505 | Lair:3   | Reached skill level 1 in Fire Magic
 13571 | Lair:4   | Noticed an eight-headed hydra
 13576 | Lair:4   | Killed an eight-headed hydra
 13640 | Lair:4   | Reached ***** piety under Vehumet
 13755 | Lair:4   | Offered knowledge of Mana Rupture by Vehumet.
 13756 | Lair:4   | Found a staircase to the Swamp.
 13779 | Lair:4   | Noticed a five-headed hydra
 13783 | Lair:4   | Reached XP level 13. HP: 73/73 MP: 30/34
 13857 | Lair:4   | Reached skill level 15 in Conjurations
 14058 | Lair:4   | Found a staircase to the Snake Pit.
 14433 | Lair:4   | Identified a scroll of acquirement
 14433 | Lair:4   | Identified the ring of Bufoeck {+Fly Int+4 Stlth+} (You
                  | acquired it on level 4 of the Lair of Beasts)
 14639 | Lair:5   | Noticed Harold
 14644 | Lair:5   | Killed Harold
 14702 | Lair:5   | Found a staircase to the Slime Pits.
 14717 | Lair:5   | Reached skill level 5 in Earth Magic
 14972 | Lair:5   | Found a viscous altar of Jiyva.
 15175 | Lair:5   | Killed from afar by an oklob plant

Skill      XL: |  1  2  3  4  5  6  7  8  9 10 11 12 13 |
---------------+----------------------------------------+-----
Conjurations   | 5 6 7 8 9 11 12 13 14 15 | 15.3
Spellcasting   | 4 6 7 9 11 12 14 15 | 15.9
Dodging        | 3 5 6 7 |  7.9
Hexes          | 1 2 |  2.3
Fighting       | 1 |  1.6
Ice Magic      | 4 6 8 |  8.6
Short Blades   | 2 |  2.4
Poison Magic   | 1 |  1.6
Earth Magic    | 4 5 |  5.0
Shields        | 2 |  2.9
Fire Magic     | 3 4 |  4.1
Stealth        | |  1.5

Action                   |  1- 3 |  4- 6 |  7- 9 | 10-12 | 13-15 || total
-------------------------+-------+-------+-------+-------+-------++-------
Melee: Short sword       |       |     6 |     8 |    15 |     2 ||    31
 Cast: Magic Dart        |    54 |    46 |    75 |    64 |    10 ||   249
       Iskenderun's Myst |    13 |    18 |    22 |    13 |    12 ||    78
       Searing Ray       |     5 |    12 |    20 |    10 |     3 ||    50
       Fulminant Prism   |       |     3 |     7 |    18 |    19 ||    47
       Throw Icicle      |       |       |       |   211 |    15 ||   226
       Sting             |       |       |       |    12 |       ||    12
       Freeze            |       |       |       |     5 |       ||     5
       Ozocubu's Armour  |       |       |       |     2 |       ||     2
       Conjure Flame     |       |       |       |     1 |       ||     1
       Bolt of Magma     |       |       |       |    31 |    16 ||    47
  Use: Scroll            |     7 |     4 |     3 |     7 |     8 ||    29
       Potion            |       |       |       |     1 |     1 ||     2
  Eat: Chunk             |     1 |     5 |     8 |    11 |     3 ||    28
       Ration            |       |       |     1 |     3 |       ||     4
Armor: Skin              |     2 |     2 |     6 |    15 |     3 ||    28
Dodge: Dodged            |    12 |    22 |    22 |   111 |    12 ||   179
Block: Other             |     5 |     3 |    13 |    34 |       ||    55
       Medium shield     |       |       |       |    44 |    19 ||    63
